[Event "Late-Titled-Tuesday-Blitz-June-25-2024"]
[Site "Chess.com"]
[Date "2024.06.25"]
[Round "4"]
[White "CrimeFightingSpider07"]
[Black "LikeWater"]
[Result "1-0"]
[WhiteElo "2547"]
[BlackElo "2693"]
[TimeControl "180+1"]
[EndTime "14:37:14 PDT"]
[Termination "CrimeFightingSpider07 won by resignation"]

1. Nf3 Nf6 2. d4 g6 3. g3 Bg7 4. Bg2 O-O 5. c4 c5 6. O-O d6 7. b3 d5 8. Bb2 dxc4 9. bxc4 Ne4 10. Nc3 Bf5 11. Nxe4 Bxe4 12. e3 Nc6 13. Ne5 Bxg2 14.
Kxg2 cxd4 15. Nxc6 bxc6 16. Bxd4 Bxd4 17. Qxd4 Qxd4 18.
exd4 Rfd8 19. Rfd1 Rab8 20. Rd2 Rb4 21. Rc1 e6 22.
Kf3 Kf8 23. Ke3 Ke7 24. Kd3 c5 25. Kc3 Ra4 26. dxc5 Ra3+ 27. Kb4 Rxd2 28. Kxa3 Kd7 29. Rb1 Kc7 30. f4 Rxh2 31. Rb5 Rg2 32. Ra5 Kb7 33. Kb4 h5 34. c6+ Kxc6 35. Rxa7 f6 36. Ra6+ Kd7 37.
Kc5 Rxg3 38. Ra7+ Kc8 39. Kc6 Kb8 40. Rb7+ Ka8 41. Rf7 h4 42. c5 h3 43. Kb6 1-0

[Event "Late-Titled-Tuesday-Blitz-June-25-2024"]
[Site "Chess.com"]
[Date "2024.06.25"]
[Round "4"]
[White "carloseduar100"]
[Black "konradrutkowski"]
[Result "0-1"]
[WhiteElo "2281"]
[BlackElo "2511"]
[TimeControl "180+1"]
[EndTime "14:37:15 PDT"]
[Termination "konradrutkowski won by checkmate"]

1. g3 g6 2. Bg2 Bg7 3. Nf3 Nf6 4.
O-O O-O 5. d4 d5 6. c3 c6 7. Nbd2 Nbd7 8. Re1 Re8 9. e4 dxe4 10.
Nxe4 Nxe4 11. Rxe4 Nf6 12. Rh4 Bf5 13. Bg5 Qc7 14. Qe2 Nd7 15. g4 Be6 16. Qe3 Bd5 17.
Bf4 Qb6 18. b3 a5 19. Ng5 Bxg2 20. Kxg2 h6 21. Nxf7 Kxf7 22. Bxh6 Bxh6 23. Rxh6 Kg7 24. g5 c5 25. Qh3 Nf8 26. d5 Qd6 27. c4 Qe5 28.
Rh8 Qxa1 29. Qh6+ Kf7 30. h4 Qg7 31. h5 Qxh6 32. gxh6 gxh5 33. Kf3 Ng6 34. Rh7+ Kf6 35. Rg7 Rg8 36. Ke4 Rxg7 37. hxg7 Kxg7 38. d6 exd6 39. f4 Rf8 40. f5 Ne5 41. Kd5 Rxf5 42. a4 Nxc4+ 43.
Ke6 Re5+ 44. Kd7 Nd2 45. b4 axb4 46. a5 Nc4 47. Kc7 Nxa5 48. Kc8 h4 49. Kc7 h3 50. Kc8 h2 51. Kc7 Re7+ 52. Kc8 b5 53. Kd8 Kf7 54. Kc8 h1=Q 55. Kd8 Qa8# 0-1

[Event "Late-Titled-Tuesday-Blitz-June-25-2024"]
[Site "Chess.com"]
[Date "2024.06.25"]
[Round "4"]
[White "Viktoker"]
[Black "karinachess1"]
[Result "0-1"]
[WhiteElo "2482"]
[BlackElo "2682"]
[TimeControl "180+1"]
[EndTime "14:37:17 PDT"]
[Termination "karinachess1 won by resignation"]

1. d4 Nf6 2. Nf3 e6 3. Bf4 b6 4. e3 Bb7 5. Bd3 Nh5 6. Bg5 Be7 7. Bxe7 Qxe7 8. c4 d6 9. Nc3 a6 10. e4 Nf4 11. Bf1 Nd7 12. Qd2 Ng6 13. h4 h5 14.
O-O-O e5 15. Re1 O-O-O 16. g3 Kb8 17. Bh3 exd4 18. Nxd4 Nge5 19. Qe2 Nc5 20. Kb1 g6 21. Nd5 Qf8 22. f4 Nc6 23. Nb3 Nxb3 24. axb3 Re8 25.
Qd3 Qg7 26. Rd1 a5 27. Nxc7 Rd8 28. Nd5 Rhe8 29. Nxb6 Nb4 30. Qc3 Bxe4+ 31. Ka1 Nc2+ 32. Ka2 Qxc3 33. bxc3 Bxh1 34. Rxh1 Re2 35. Nd5 Nb4+ 36.
Kb1 Nxd5 37. cxd5 Rde8 38. Rc1 Kc7 39. c4 Kb6 40. f5 R8e3 41. fxg6 fxg6 42. c5+ dxc5 43.
d6 Rxb3+ 44. Ka1 Rbb2 45. Rf1 Rbd2 46. d7 Kc7 47. Kb1 Rb2+ 48. Ka1 Ra2+ 49. Kb1 Reb2+ 50.
Kc1 Rh2 51. Kb1 Raf2 52. Rd1 Rd2 53. Rxd2 Rxd2 0-1

[Event "Late-Titled-Tuesday-Blitz-June-25-2024"]
[Site "Chess.com"]
[Date "2024.06.25"]
[Round "4"]
[White "vova-79"]
[Black "Rsnr"]
[Result "0-1"]
[WhiteElo "2600"]
[BlackElo "2856"]
[TimeControl "180+1"]
[EndTime "14:37:18 PDT"]
[Termination "Rsnr won by resignation"]

1. d4 d5 2. c4 c6 3. Nc3 Nf6 4. e3 g6 5. Nf3 Bg7 6. Be2 O-O 7.
O-O Bg4 8. cxd5 cxd5 9. Qb3 b6 10. h3 Bxf3 11. Bxf3 e6 12. Bd2 Nc6 13. Qa4 Na5 14. b3 a6 15. Rac1 Re8 16. Ne2 Nb7 17. Qc6 Nd6 18. Bb4 Bf8 19. Bxd6 Bxd6 20. g3 Re7 21.
Qc2 Ba3 22. Rcd1 Rc7 23. Qb1 a5 24. Nf4 Rac8 25. Nd3 Rc3 26. Kg2 Qd6 27. Rfe1 Kg7 28. Re2 h5 29. Rdd2 Qc7 30. Rd1 Qc6 31. Ne5 Qb5 32.
Nd3 R8c7 33. Ne5 Qe8 34. Nd3 Qc8 35. Rdd2 Ne8 36. g4 hxg4 37. hxg4 Nd6 38. Ne5 Rc1 39. Qd3 R7c3 0-1

[Event "Late-Titled-Tuesday-Blitz-June-25-2024"]
[Site "Chess.com"]
[Date "2024.06.25"]
[Round "4"]
[White "Defenstrator"]
[Black "Zura_19"]
[Result "0-1"]
[WhiteElo "2422"]
[BlackElo "2618"]
[TimeControl "180+1"]
[EndTime "14:37:18 PDT"]
[Termination "Zura_19 won by resignation"]

1. e4 c6 2. d4 d5 3. e5 Bf5 4. h4 h5 5. Bg5 Qa5+ 6. Nc3 e6 7. Bd3 Bxd3 8. Qxd3 c5 9. dxc5 Nc6 10. Nf3 Bxc5 11. O-O Bb4 12. Nb5 a6 13. Nd6+ Bxd6 14. exd6 Nf6 15. Nd4 Ne4 16. Rfe1 Qb6 17. Nxc6 Qxc6 18. Bf4 Nxd6 19. Qd4 Nf5 20. Qb4 Rc8 21. Rac1 b5 22. Be5 Qc4 23. Qa5 Qxh4 24. Qxa6 O-O 25. Qxb5 Rc4 26. a4 Rxa4 27. Ra1 Rg4 28. Ra3 Qg5 29. Qf1 Qg6 30. f3 Rc4 31. c3 h4 32. Kh1 Ng3+ 33.
Bxg3 hxg3 34. Kg1 Qh7 35. Qe2 Qh2+ 0-1

[Event "Late-Titled-Tuesday-Blitz-June-25-2024"]
[Site "Chess.com"]
[Date "2024.06.25"]
[Round "4"]
[White "Malev212"]
[Black "MatthewG-p4p"]
[Result "0-1"]
[WhiteElo "2605"]
[BlackElo "2918"]
[TimeControl "180+1"]
[EndTime "14:37:20 PDT"]
[Termination "MatthewG-p4p won on time"]

1. e4 e6 2. b3 d5 3. Bb2 dxe4 4. Nc3 Nf6 5. Qe2 Be7 6. O-O-O O-O 7. f3 a5 8. a4 c6 9. fxe4 b5 10. e5 Nd5 11. Nf3 Nd7 12. Nxd5 cxd5 13. axb5 a4 14. Nd4 Bb7 15. h4 axb3 16. Nxb3 Qc7 17. Rh3 Rfc8 18.
Rc3 Qb6 19. Rxc8+ Rxc8 20. d4 Qa7 21. Qd2 Qa4 22. Kb1 Ra8 23. Bd3 Qa2+ 24. Kc1 Nb6 25. Nc5 Rc8 26. Qb4 Qa7 27. Qa3 Qb8 28. Kb1 Nc4 29. Bxc4 dxc4 30. Qb4 Bxg2 31. b6 Bd5 32. h5 h6 33. Rg1 Rc6 34. Qd2 Rxb6 35. c3 Bg5 36.
Rxg5 hxg5 37. Nd7 Be4+ 0-1

[Event "Late-Titled-Tuesday-Blitz-June-25-2024"]
[Site "Chess.com"]
[Date "2024.06.25"]
[Round "4"]
[White "NailBashirli"]
[Black "LoonsDeKoeben"]
[Result "1-0"]
[WhiteElo "2755"]
[BlackElo "2427"]
[TimeControl "180+1"]
[EndTime "14:37:20 PDT"]
[Termination "NailBashirli won on time"]

1. e4 e5 2. Nf3 Nc6 3. Bb5 a6 4. Ba4 Nf6 5. O-O b5 6. Bb3 Bc5 7. d3 h6 8. a4 Rb8 9. Nc3 d6 10.
Be3 Bxe3 11. fxe3 Na5 12. Ba2 b4 13. Nd5 Nxd5 14. Bxd5 c6 15. Bxf7+ Kxf7 16. Nxe5+ Kg8 17. Nf7 Qe7 18. Qh5 Nb7 19. Nxh8 Kxh8 20. Rf7 Qe8 21.
Raf1 Be6 22. Rf8+ Qxf8 23. Rxf8+ Rxf8 24. Qh4 Rf7 25. e5 dxe5 26. Qxb4 a5 27. Qb6 Bd5 28. e4 Be6 29. Qxc6 Re7 30. h3 Kg8 31. c3 Kf7 32. b4 axb4 33. cxb4 Rd7 34. a5 Nd8 35. Qc5 Rxd3 36. a6 Rd7 37. a7 Nb7 38. Qxe5 Rd8 39. Qc7+ Ke8 40. Qxb7 1-0

[Event "Late-Titled-Tuesday-Blitz-June-25-2024"]
[Site "Chess.com"]
[Date "2024.06.25"]
[Round "4"]
[White "Greguer"]
[Black "betta2004"]
[Result "1-0"]
[WhiteElo "2336"]
[BlackElo "2482"]
[TimeControl "180+1"]
[EndTime "14:37:20 PDT"]
[Termination "Greguer won by checkmate"]

1. e4 c6 2. d4 d5 3. e5 Bf5 4. h4 h5 5. Ne2 e6 6. Ng3 Bg6 7. Bd3 Ne7 8. Bg5 Qb6 9. Bxe7 Bxe7 10. Bxg6 fxg6 11. O-O Bxh4 12. Qd3 Rh6 13. Nc3 Nd7 14.
Na4 Qc7 15. c4 dxc4 16. Qxc4 b5 17. Qxe6+ Be7 18. Nc5 Nxc5 19. dxc5 Qd7 20. Qg8+ Bf8 21. Rad1 Qf7 22. Qxf7+ Kxf7 23. Rd7+ Ke6 24. Rc7 Kd5 25. b4 g5 26. Rd1+ Kc4 27. a3 a5 28. Rcd7 axb4 29.
axb4 Kxb4 30. Nf5 Rg6 31. R7d6 Bxd6 32. cxd6 Rd8 33. Ne7 Kc3 34. Nxg6 Kc2 35. Rd4 Kc3 36.
Rd1 Kc2 37. Re1 b4 38. e6 Rxd6 39. e7 Rxg6 40. e8=Q Rd6 41. Qe4+ Kb3 42. Rb1+ Kc3 43. Qxb4+ Kc2 44. Qb3+ Kd2 45. Rd1+ Ke2 46. Qf3# 1-0

[Event "Late-Titled-Tuesday-Blitz-June-25-2024"]
[Site "Chess.com"]
[Date "2024.06.25"]
[Round "4"]
[White "maurovargas01"]
[Black "manitodeplomo"]
[Result "0-1"]
[WhiteElo "1942"]
[BlackElo "2586"]
[TimeControl "180+1"]
[EndTime "14:37:21 PDT"]
[Termination "manitodeplomo won by resignation"]

1. e4 e6 2. Nc3 c5 3. d3 Nc6 4. g3 Nf6 5. Bg2 d6 6. f4 Be7 7. Nf3 O-O 8. O-O Rb8 9. Ne2 b5 10.
c3 a5 11. h3 b4 12. Bd2 Ba6 13. Nc1 d5 14. e5 Nd7 15. Qe1 bxc3 16. bxc3 a4 17.
Rf2 f6 18. exf6 Rxf6 19. g4 Nf8 20. g5 Rf7 21. h4 Bd6 22. Ne5 Bxe5 23. fxe5 Rxf2 24. Kxf2 Ng6 25. d4 cxd4 26. cxd4 Nxd4 27. Kg3 Nc2 28. Ba5 Nxe1 29. Bxd8 Rxd8 30. Bh3 Nxe5 31.
Bxe6+ Kf8 32. a3 Ke7 33. Bh3 Nc2 34. Ra2 Nd4 35. Rb2 Ndc6 36. Rb6 Bc4 37. Rb7+ Kd6 38. Rxg7 Rb8 39. Rxh7 Rb1 40. Rh6+ Kc5 41. g6 Nxg6 42.
Rxg6 Rxc1 43. Bd7 Ne5 44. Rg7 Nxd7 45. Rxd7 Rc3+ 46. Kg4 Rxa3 47. h5 Be2+ 48. Kg5 Rg3+ 49. Kh4 Rg4+ 50. Kh3 Rg8 51. h6 Bg4+ 52. Kh4 Bxd7 53.
h7 Rh8 54. Kg5 Rxh7 55. Kf6 Bb5 0-1

[Event "Late-Titled-Tuesday-Blitz-June-25-2024"]
[Site "Chess.com"]
[Date "2024.06.25"]
[Round "4"]
[White "guineo59"]
[Black "Sic_Transit_GM"]
[Result "0-1"]
[WhiteElo "2210"]
[BlackElo "2538"]
[TimeControl "180+1"]
[EndTime "14:37:22 PDT"]
[Termination "Sic_Transit_GM won on time"]

1. d4 d5 2. Nf3 Nf6 3. c4 e6 4. cxd5 exd5 5. Nc3 c6 6. Bg5 Be7 7. Qc2 h6 8. Bh4 O-O 9. e3 Ne4 10. Bxe7 Qxe7 11. Nxe4 dxe4 12. Nd2 Bf5 13. f3 exf3 14.
Qxf5 Qxe3+ 15. Kd1 Qxd4 16. Bd3 g6 17. Qxf3 Qxb2 18.
Rb1 Qxa2 19. Rxb7 Na6 20. Bc4 Qa1+ 21. Rb1 Qa4+ 22. Qb3 Qa5 23. Qa2 Qxa2 24. Bxa2 Rab8 25. Rf1 Nb4 26. Bc4 a5 27. Ra1 Ra8 28. Nb3 a4 29. Nc5 a3 30. Kd2 Nd5 31. Rf3 Rad8 32. Raxa3 Nf4+ 33.
Ke3 Nxg2+ 34. Kf2 Nh4 35. Rf4 Nf5 36. Ra7 Rd2+ 37. Ke1 Rxh2 38. Nd7 Re8+ 39. Kf1 Kg7 40. Kg1 Rc2 41. Rc7 Nd6 42. Bb3 Re1+ 43. Rf1 Rxf1+ 44. Kxf1 Rc3 45. Ba2 Nb5 46. Rb7 Rc2 0-1

[Event "Late-Titled-Tuesday-Blitz-June-25-2024"]
[Site "Chess.com"]
[Date "2024.06.25"]
[Round "4"]
[White "rionelG"]
[Black "Slovak_fighter2000"]
[Result "0-1"]
[WhiteElo "2368"]
[BlackElo "2519"]
[TimeControl "180+1"]
[EndTime "14:37:22 PDT"]
[Termination "Slovak_fighter2000 won on time"]

1. e4 c5 2. g3 Nc6 3. Bg2 g6 4. Ne2 Bg7 5. c3 e5 6. d3 Nge7 7. Be3 d6 8. O-O O-O 9. f4 f5 10. fxe5 Nxe5 11. Nd2 Nxd3 12. Nc4 Ne5 13. Nxd6 Kh8 14.
Bxc5 Qc7 15. Ba3 Rd8 16. Nf4 fxe4 17. Nd5 Nxd5 18. Qxd5 Bf5 19. Rad1 Rd7 20. Bxe4 Bh3 21. Rf2 Rad8 22. Rfd2 Qb6+ 23. Kh1 Qc7 24. c4 b6 25. c5 bxc5 26. Bxc5 h5 27. b4 Kh7 28. Qb3 Bg4 29.
Re1 Rxd6 30. Bxd6 Rxd6 31. Rxd6 Qxd6 32. Bd5 Qf6 33. Qe3 Bf3+ 0-1

[Event "Late-Titled-Tuesday-Blitz-June-25-2024"]
[Site "Chess.com"]
[Date "2024.06.25"]
[Round "4"]
[White "Yurovskykh_Oleksandr"]
[Black "Dedic8"]
[Result "0-1"]
[WhiteElo "2618"]
[BlackElo "2942"]
[TimeControl "180+1"]
[EndTime "14:37:23 PDT"]
[Termination "Dedic8 won on time"]

1. d4 Nf6 2. Nf3 d5 3. c3 e6 4. Bf4 Bd6 5. e3 O-O 6. Nbd2 Bxf4 7. exf4 b6 8. Bd3 c5 9. O-O Ba6 10. Bxa6 Nxa6 11. Ne5 Qd6 12. Qa4 Nc7 13. g3 a5 14.
Rac1 b5 15. Qc2 Rfc8 16. Nb3 Na6 17. dxc5 Nxc5 18. Nxc5 Rxc5 19. a3 g6 20. Qe2 Rac8 21.
Rcd1 Qb6 22. Rd4 Qb7 23. h4 h5 24. Kh2 Kg7 25. f3 Qe7 26. Kh3 Nd7 27. Re1 Nxe5 28. Qxe5+ Qf6 29. g4 Rc4 30. f5 Qxe5 31. Rxe5 Kf6 32.
Re2 gxf5 33. gxf5 Kxf5 34. Kg3 Rxd4 35. cxd4 f6 36. Kg2 Rc4 37. Rd2 Kf4 38. Kf2 b4 39.
axb4 axb4 40. Ke2 Kg3 41. Ke3 Kxh4 42. Kf4 Rxd4+ 43. Rxd4 e5+ 0-1

[Event "Late-Titled-Tuesday-Blitz-June-25-2024"]
[Site "Chess.com"]
[Date "2024.06.25"]
[Round "4"]
[White "Yaacovn"]
[Black "Charodej1"]
[Result "1-0"]
[WhiteElo "2691"]
[BlackElo "2482"]
[TimeControl "180+1"]
[EndTime "14:37:23 PDT"]
[Termination "Yaacovn won by resignation"]

1. d4 Nf6 2. e3 g6 3. Nf3 Bg7 4. Be2 O-O 5. O-O d6 6. b3 c5 7.
Bb2 Nc6 8. d5 Nb8 9. c4 e6 10.
dxe6 Bxe6 11. Nc3 d5 12. Ng5 Ne4 13. Nxe6 Nxc3 14. Bxc3 fxe6 15. Bxg7 Kxg7 16. Bf3 Nc6 17. cxd5 Ne5 18. Be4 Qh4 19. Qc2 Rae8 20. h3 exd5 21.
Bxd5 Rf5 22. f4 Ng4 23. hxg4 Rxd5 24. Qc3+ Kf8 25. Rad1 Rxd1 26. Rxd1 Qxg4 27. Qf6+ Kg8 28. Rd8 Rxd8 29. Qxd8+ Kf7 30. Qc7+ Kf6 31. Qxc5 Qd1+ 32. Kh2 Qe2 33. Qf8+ Ke6 34. Qg8+ Kf5 35. Qxh7 Qxe3 36. Qf7+ Kg4 37. Qxg6+ Kxf4 38. Qh6+ Ke4 39. Qxe3+ Kxe3 40. Kg3 1-0

[Event "Late-Titled-Tuesday-Blitz-June-25-2024"]
[Site "Chess.com"]
[Date "2024.06.25"]
[Round "4"]
[White "kasparicy"]
[Black "SimplyDevina"]
[Result "0-1"]
[WhiteElo "2477"]
[BlackElo "2336"]
[TimeControl "180+1"]
[EndTime "14:37:23 PDT"]
[Termination "SimplyDevina won by resignation"]

1. e4 c6 2. d4 d5 3. f3 e6 4. Nc3 Nf6 5. e5 Nfd7 6. f4 c5 7. Nf3 Nc6 8. Be3 cxd4 9. Nxd4 Nxd4 10. Bxd4 a6 11. Bd3 Bc5 12. Ne2 Bxd4 13. Nxd4 Nc5 14. c3 Nxd3+ 15. Qxd3 Qc7 16. O-O g6 17. Kh1 Bd7 18.
Rac1 Rc8 19. g4 h5 20. f5 hxg4 21. fxg6 Qxe5 22. gxf7+ Ke7 23. Rc2 Rh3 24. Qe2 Qh5 25. Nf5+ Kf8 26. Nd4 e5 27. Nb3 Bb5 28. Qf2 Bxf1 29.
Qxf1 g3 30. Qg1 Rxh2+ 31. Rxh2 Qxh2+ 32. Qxh2 gxh2 33. Na5 Kxf7 34. Nxb7 Ke6 35. a4 Rc7 36. Na5 Rf7 37. Nb3 Kd6 38. Kxh2 Rf2+ 39. Kg3 Rxb2 40. Nc1 Rc2 0-1

[Event "Late-Titled-Tuesday-Blitz-June-25-2024"]
[Site "Chess.com"]
[Date "2024.06.25"]
[Round "4"]
[White "legendisback1"]
[Black "Mops_2004"]
[Result "1-0"]
[WhiteElo "3017"]
[BlackElo "2790"]
[TimeControl "180+1"]
[EndTime "14:37:24 PDT"]
[Termination "legendisback1 won by checkmate"]

1. d4 g6 2. e4 Bg7 3. Nc3 d6 4. Be3 a6 5. f3 b5 6. Qd2 Nd7 7.
h4 h6 8. Nh3 Bb7 9. g4 e6 10. O-O-O Ne7 11. Kb1 c5 12. dxc5 dxc5 13. g5 h5 14. Nf4 Nc6 15. Bh3 Nd4 16. Qf2 Qc7 17. Nce2 Nxe2 18. Qxe2 Nb6 19. Bxe6 Na4 20. c3 fxe6 21. Nxe6 Qe5 22. Nxg7+ Qxg7 23. Rd6 Rd8 24. Rf6 Rf8 25. e5 Qd7 26. Kc2 Rxf6 27. exf6 Qf5+ 28. Kc1 Kf7 29. Bf2 Re8 30. Qd2 Nb6 31.
b3 Nd5 32. Rd1 Bc6 33. Bxc5 Nf4 34. Qd6 Bd5 35. Qc7+ Ke6 36. Re1+ Be4 37. Rxe4+ Kd5 38. Qd6# 1-0

[Event "Late-Titled-Tuesday-Blitz-June-25-2024"]
[Site "Chess.com"]
[Date "2024.06.25"]
[Round "4"]
[White "Tigranpatagonian"]
[Black "Mikhail_Golubev"]
[Result "1-0"]
[WhiteElo "2466"]
[BlackElo "2646"]
[TimeControl "180+1"]
[EndTime "14:37:24 PDT"]
[Termination "Tigranpatagonian won on time"]

1. d4 Nf6 2. c4 d6 3. Nc3 g6 4. g3 Bg7 5. Bg2 O-O 6. Nf3 Nbd7 7. O-O e5 8. Qc2 exd4 9. Nxd4 Nb6 10. Rd1 Nxc4 11.
Ncb5 a6 12. Qxc4 axb5 13. Nxb5 Ne8 14. Qc2 Qe7 15. Be3 c6 16. Nc3 Nf6 17. Rac1 Bf5 18.
Qb3 Rfe8 19. a3 d5 20. h3 Be6 21. Bd4 Nh5 22. e3 Bxd4 23. Rxd4 Ng7 24. Qd1 Nf5 25.
Rd2 Rad8 26. e4 dxe4 27. Nxe4 Bd5 28. Nc3 Bxg2 29. Kxg2 Qg5 30. Rcc2 Nh4+ 31. Kh1 Rxd2 32. Rxd2 Nf3 33. Re2 Rd8 34. Qc2 Nd4 35. Qd2 Nxe2 36.
Qxg5 1-0

[Event "Late-Titled-Tuesday-Blitz-June-25-2024"]
[Site "Chess.com"]
[Date "2024.06.25"]
[Round "4"]
[White "egnfanclub"]
[Black "chessdoll90"]
[Result "1/2-1/2"]
[WhiteElo "2365"]
[BlackElo "2505"]
[TimeControl "180+1"]
[EndTime "14:37:24 PDT"]
[Termination "Game drawn - insufficient material"]

1. e4 c5 2. Nc3 Nc6 3. f4 g6 4. Nf3 Bg7 5. Bc4 d6 6. O-O e6 7. d3 Nge7 8. Qe1 Nd4 9. Nxd4 cxd4 10. Ne2 d5 11. Bb5+ Bd7 12. Bxd7+ Qxd7 13. e5 Nc6 14.
Qf2 f6 15. Nxd4 fxe5 16. Nxc6 bxc6 17. fxe5 Rf8 18. Qd4 Rxf1+ 19. Kxf1 c5 20. Qxc5 Bxe5 21. Bh6 Bd6 22. Qd4 O-O-O 23. Kg1 Qc7 24. Be3 Bxh2+ 25.
Kh1 Be5 26. Qxa7 Qxa7 27. Bxa7 Bxb2 28. Rb1 Bf6 29. Rf1 Be7 30. Rf7 Rd7 31. Bd4 Bd6 32. Rf6 Re7 33. Rf8+ Kd7 34. Ra8 e5 35. Ra7+ Ke6 36. Rxe7+ Bxe7 37. Be3 d4 38. Bd2 Kd5 39. g4 Ba3 40. Kg2 e4 41. dxe4+ Kxe4 42. Kg3 h5 43. gxh5 gxh5 44. Kh4 Kf3 45. Kxh5 Ke2 46. Ba5 Kd1 47. c4 dxc3 48. Bxc3 Kc2 49. Bf6 Kb1 50. Be5 Kxa2 1/2-1/2

[Event "Late-Titled-Tuesday-Blitz-June-25-2024"]
[Site "Chess.com"]
[Date "2024.06.25"]
[Round "4"]
[White "HanSchut"]
[Black "vanyakuba"]
[Result "0-1"]
[WhiteElo "2236"]
[BlackElo "2465"]
[TimeControl "180+1"]
[EndTime "14:37:26 PDT"]
[Termination "vanyakuba won by checkmate"]

1. e4 d5 2. exd5 Qxd5 3. Nc3 Qa5 4. d4 Nf6 5. Bd2 Bg4 6. f3 Bf5 7. Bc4 c6 8. Qe2 e6 9. d5 cxd5 10. Nxd5 Qd8 11. Nxf6+ Qxf6 12. O-O-O Nc6 13. g4 Bxc2 14.
Kxc2 Nd4+ 15. Kb1 Nxe2 16. Bb5+ Kd8 17. Bc3+ Kc7 18. Bxf6 Nxg1 19. Be5+ Kb6 20. Rhxg1 Kxb5 21. Rd7 Bc5 22. Rgd1 f6 23. Bg3 Ka6 24. Rxg7 h5 25. gxh5 Rxh5 26. Rdd7 Rf5 27. Rxb7 Rxf3 28. a4 Rf1+ 29. Ka2 Rd8 30. Rb5 Rd5 31. Rb3 f5 32. Bb8 Bb6 33. Bg3 f4 34. Bh4 f3 35. Be7 f2 36. Bb4 Ra1+ 37. Kxa1 f1=Q+ 38. Ka2 Qc4 39. Ba3 Rd3 40. Rg3 Qxb3+ 41. Kb1 Rd1# 0-1

[Event "Late-Titled-Tuesday-Blitz-June-25-2024"]
[Site "Chess.com"]
[Date "2024.06.25"]
[Round "4"]
[White "PawnEatingZombie"]
[Black "PNEPaul"]
[Result "1/2-1/2"]
[WhiteElo "2301"]
[BlackElo "1949"]
[TimeControl "180+1"]
[EndTime "14:37:26 PDT"]
[Termination "Game drawn by repetition"]

1. e4 e5 2. Nf3 Nc6 3. Nc3 Be7 4.
Bc4 d6 5. d3 Nf6 6. h3 O-O 7.
O-O Be6 8. Bb3 Bxb3 9. axb3 d5 10. exd5 Nxd5 11. Re1 f6 12. d4 Nxc3 13. bxc3 exd4 14. cxd4 Bb4 15. Re3 Re8 16. Qd3 Rxe3 17. Bxe3 Bd6 18. c3 a6 19. Qc4+ Kf8 20. b4 Qe8 21. Re1 Qf7 22. Qd3 Kg8 23. Nd2 Re8 24. Ne4 Ne7 25. Nxd6 cxd6 26. c4 Nc6 27. Qc3 d5 28. c5 Na7 29.
Qc2 Nb5 30. Rd1 Qg6 31. Qe2 Nc3 32. Qd3 Nxd1 33. Qxd1 Qe4 34. Qb3 f5 35. g3 h6 36.
b5 g5 37. c6 f4 38. cxb7 fxe3 39. Qxe3 axb5 40. Qa3 Qxd4 41. Qd6 Qd1+ 42. Kg2 Qe2 43. b8=Q Rxb8 44. Qxb8+ Kf7 45. Qxb5 Qe4+ 46. Kg1 Qe1+ 47.
Kg2 Qe4+ 48. Kg1 Qe1+ 49. Kg2 Qe4+ 1/2-1/2

[Event "Late-Titled-Tuesday-Blitz-June-25-2024"]
[Site "Chess.com"]
[Date "2024.06.25"]
[Round "4"]
[White "Bkmzzzzz"]
[Black "chessbaerchen"]
[Result "0-1"]
[WhiteElo "2405"]
[BlackElo "2646"]
[TimeControl "180+1"]
[EndTime "14:37:28 PDT"]
[Termination "chessbaerchen won by checkmate"]

1. e4 e6 2. Nf3 d5 3. exd5 exd5 4. d4 Nf6 5. Bd3 c5 6. O-O c4 7. Re1+ Be7 8. Bf1 O-O 9. b3 cxb3 10. axb3 Nc6 11. c4 Bg4 12. Bb2 Bb4 13. Re3 Re8 14. Rxe8+ Qxe8 15. h3 Bh5 16. c5 Ne4 17. Qd3 Qe7 18.
Nfd2 Re8 19. Nxe4 dxe4 20. Qe3 Bg6 21. Bc4 a6 22. Nd2 Rd8 23. Nf1 Qf6 24. Rb1 Nxd4 25.
c6 bxc6 26. Bxa6 Bc5 27. Qg3 e3 28. Bxd4 Bxd4 29. Rd1 exf2+ 30. Kh1 Re8 31. Bc4 Be5 32. Qe3 h5 33. Qc5 Qf4 34. Rd2 Bb8 35. Rxf2 Qe4 36. Rf3 Qe1 37. Qxc6 Rf8 38. Qd7 Qe5 39. Qb7 Kh7 40.
Bd5 f6 41. Re3 Qf4 42. Re1 Bd3 43. Bf3 Bxf1 44. Rxf1 Qh2# 0-1

[Event "Late-Titled-Tuesday-Blitz-June-25-2024"]
[Site "Chess.com"]
[Date "2024.06.25"]
[Round "4"]
[White "ivanquiroga"]
[Black "cthulhuuu"]
[Result "0-1"]
[WhiteElo "2505"]
[BlackElo "2384"]
[TimeControl "180+1"]
[EndTime "14:37:29 PDT"]
[Termination "cthulhuuu won by checkmate"]

1. d4 Nf6 2. c4 e5 3. dxe5 Ng4 4. Nf3 Bc5 5. e3 Nc6 6. a3 a5 7. b3 O-O 8. Bb2 Re8 9. Nc3 Ncxe5 10. Nxe5 Nxe5 11.
Be2 Ra6 12. Nd5 Rh6 13. h3 d6 14. Qd2 c6 15. Nf4 Bf5 16. O-O-O Qb6 17. Qc3 Be4 18.
Nd3 Bxd3 19. Bxd3 Rf6 20. Rhf1 d5 21. cxd5 cxd5 22. Kb1 Rc6 23. Qd2 Qxb3 24. Bc2 Qb5 25. Qxd5 Nc4 26. Qxc4 Qxc4 27. Rc1 Rb6 28. Ka1 Qe6 29.
Rfd1 Be7 30. Ba4 Rd8 31. Rxd8+ Bxd8 32. Bd4 Bf6 33. Rc2 g6 34. Rd2 Bxd4+ 35. Rxd4 Rd6 36. Rf4 Qe5+ 37. Kb1 Rd2 38. Kc1 Qb2# 0-1

[Event "Late-Titled-Tuesday-Blitz-June-25-2024"]
[Site "Chess.com"]
[Date "2024.06.25"]
[Round "4"]
[White "Alblooshi_Hamad"]
[Black "Romadk"]
[Result "1-0"]
[WhiteElo "2302"]
[BlackElo "2471"]
[TimeControl "180+1"]
[EndTime "14:37:31 PDT"]
[Termination "Alblooshi_Hamad won by checkmate"]

1. d4 Nf6 2. c4 e6 3. Nc3 Bb4 4. e3 O-O 5. Bd3 d5 6. Nf3 b6 7. O-O Bb7 8. cxd5 exd5 9. Ne5 Ne4 10. Nxe4 dxe4 11. Bc4 Bd6 12. Qh5 Qf6 13. Ng4 Qg6 14.
Qxg6 hxg6 15. b3 Nd7 16. Bb2 Nf6 17. Ne5 c5 18. Nxg6 Rfc8 19. dxc5 Rxc5 20. Nf4 Rg5 21.
Rfd1 Be7 22. Rac1 Rc8 23. Bxf6 Bxf6 24. Rd7 Rb8 25. Bxf7+ Kh7 26. Rcc7 Rc5 27. Rxc5 bxc5 28. g3 a5 29. Bg6+ Kg8 30. Bf7+ Kh7 31. Bc4 Bc6 32. Rc7 Rb6 33. Nh5 Be5 34. Re7 Bc3 35. Nf4 a4 36.
bxa4 Bxa4 37. h4 Bd1 38. Kh2 Bf3 39. Be6 Rb1 40. Bf5+ Kg8 41. Be6+ Kf8 42. Ng6# 1-0

[Event "Late-Titled-Tuesday-Blitz-June-25-2024"]
[Site "Chess.com"]
[Date "2024.06.25"]
[Round "4"]
[White "akanga001"]
[Black "duone"]
[Result "1-0"]
[WhiteElo "2196"]
[BlackElo "2383"]
[TimeControl "180+1"]
[EndTime "14:37:31 PDT"]
[Termination "akanga001 won on time"]

1. d4 c5 2. d5 e5 3. c4 d6 4. Nc3 Nf6 5. Bg5 Be7 6. Bxf6 Bxf6 7. e4 O-O 8. h3 Be7 9. Nf3 f5 10. Bd3 Na6 11. a3 Nc7 12. exf5 Bxf5 13. Bxf5 Rxf5 14.
Ne4 Rf4 15. Qe2 b5 16. b3 a5 17. O-O a4 18. bxa4 Rxa4 19. Rfc1 Qf8 20. cxb5 Raxe4 21. Qb2 Nxd5 22. b6 Bd8 23. b7 Bc7 24. Qb3 c4 25. Qb5 Nb6 26. a4 Nd7 27. Qxd7 Rf7 28. Qc8 Bb8 29.
Ng5 Ref4 30. Ne6 Rxf2 31. Nxf8 Rxf8 32. Qe6+ Kh8 33. Rf1 Ba7 34. Rxf2 Bxf2+ 35. Kh1 Bd4 36. Qc8 Kg8 37. Qxf8+ Kxf8 38. b8=Q+ Ke7 39. Rb1 Ke6 40.
a5 c3 41. a6 Be3 42. Qc8+ Kf6 43. Qxc3 Bd4 44. Qf3+ Ke6 45. Rb7 d5 46. Qf7+ Kd6 47.
Qe7+ 1-0

[Event "Late-Titled-Tuesday-Blitz-June-25-2024"]
[Site "Chess.com"]
[Date "2024.06.25"]
[Round "4"]
[White "jcibarra"]
[Black "KChor05"]
[Result "0-1"]
[WhiteElo "2919"]
[BlackElo "2621"]
[TimeControl "180+1"]
[EndTime "14:37:32 PDT"]
[Termination "KChor05 won on time"]

1. e4 c5 2. Nf3 Nc6 3. Nc3 g6 4. d4 cxd4 5. Nxd4 Bg7 6. Be3 Nf6 7. Bc4 O-O 8. Bb3 d6 9. f3 Bd7 10. h4 Na5 11. h5 Nxb3 12. axb3 e5 13. Nde2 Be6 14.
hxg6 fxg6 15. Bg5 Qd7 16. Qd2 b5 17. Rd1 b4 18. Na4 Rac8 19. Qxd6 Rxc2 20. Qxe5 Qf7 21. Nd4 Bxb3 22. Nxc2 Bxc2 23. Rc1 Nxe4 24. Qh2 Nxg5 25.
Rxc2 Re8+ 26. Kf1 Qb3 27. Qc7 Qxa4 28. Rh4 Qa1+ 29. Rc1 Qxb2 30. Qc4+ Kh8 31. Kg1 Qf6 32.
Qxb4 Nxf3+ 33. gxf3 Qxf3 34. Qc4 Qg3+ 35. Kh1 h5 36.
Rh2 Qf3+ 37. Rg2 Kh7 38. Rg1 Qh3+ 39. Rh2 Qf3+ 40. Rhg2 Re4 41. Qxe4 Qxe4 42. Kh2 Be5+ 0-1